 Dungeon Crawl Stone Soup version 0.18.1-48-g4cf74bf (webtiles) character file.

217 Inkary the Ducker (level 5, -6/53 HPs)
             Began as a Troll Fighter on July 21, 2016.
             Mangled by a gnoll
             ... wielding a cursed +0 halberd
              (8 damage)
             ... on level 4 of the Dungeon.
             The game lasted 00:06:12 (2273 turns).

Inkary the Ducker (Troll Fighter)                   Turns: 2273, Time: 00:06:13

Health: -6/53      AC:  7    Str: 24    XL:     5   Next: 62%
Magic:  4/4        EV: 10    Int:  4    God:
Gold:   209        SH:  0    Dex: 10    Spells: 0 memorised, 4 levels left

rFire  . . .     SeeInvis .       - Unarmed
rCold  . . .     Gourm    +     a - +0 robe
rNeg   . . .     Faith    .     (no shield)
rPois  .         Spirit   .     (helmet restricted)
rElec  .         Dismiss  .     n - +1 cloak
rCorr  .         Reflect  .     (gloves unavailable)
SustAt .         Harm     .     (boots unavailable)
MR     .....                    (no amulet)
Stlth  +.........               (no ring)
                                (no ring)

@: lethally poisoned (-6 -> -7), not resistant to hostile enchantments, very
unstealthy
A: unfitting armour, claws 3, fast metabolism 3, gourmand, regeneration 2,
shaggy fur 1, tough skin 2
a: no special abilities


You were on level 4 of the Dungeon.
You were full.

You visited 1 branch of the dungeon, and saw 4 of its levels.

You collected 209 gold pieces.

Inventory:

Armour
 a - a +0 robe (worn)
 b - a +0 shield
 n - a +1 cloak (worn)
Jewellery
 q - an uncursed ring of fire {unknown}
Scrolls
 e - 3 scrolls of random uselessness {unknown}
 j - 4 scrolls of identify {unknown}
 k - a scroll of fear {unknown}
 o - 2 scrolls of remove curse {unknown}
Potions
 c - a potion of might
 f - 2 potions of haste {unknown}
 g - a potion of curing {unknown}
 l - a potion of flight {unknown}
 m - a potion of mutation {unknown}
 p - a potion of lignification {unknown}
 r - a potion of agility {unknown}
Comestibles
 d - 3 bread rations
 h - a meat ration
 i - a beef jerky


   Skills:
 + Level 3.6 Fighting
 + Level 3.7 Dodging
 - Level 2.4 Shields
 + Level 3.5 Unarmed Combat


You had 4 spell levels left.
You didn't know any spells.

Dungeon Overview and Level Annotations

Branches:
Dungeon (4/15)
 Temple: D:4-7

Altars:
Makhleb


Innate Abilities, Weirdness & Mutations

You are too large for most types of armour.
You have claws for hands.
Your metabolism is lightning-fast.
You like to eat raw meat.
You heal very quickly.
You are covered in fur (AC +1).
You have very tough skin (AC +2).


Message History

The gnoll hits you from afar with a halberd.
The gnoll closely misses you.
The gnoll shaman calls upon its god to speed up the gnoll.
The gnoll seems to speed up.
You scratch the gnoll shaman.
You kill the gnoll shaman!
The gnoll barely misses you.
The gnoll hits you from afar with a halberd!
* * * LOW HITPOINT WARNING * * *
The gnoll hits you with a whip.
* * * LOW HITPOINT WARNING * * *
The gnoll hits you with a whip.
* * * LOW HITPOINT WARNING * * *
You feel sick.
You see here 20 stones.
The gnoll barely misses you. The gnoll completely misses you.
The gnoll hits you with a whip.
* * * LOW HITPOINT WARNING * * *
The gnoll hits you from afar with a halberd!
You die...

#...##.....#
#..........#
#...##.....# .
#...##.....##.
#...##........
######.....##.
#..........#
#..........#
#...@gg....#
#...###(...#
#... ##'###
#... #.)g..#
#... #.....#
#... #.......
#... #........
#...
#....>.....
##....####.


You could see 2 gnolls.

Vanquished Creatures
  A gnoll shaman (D:4)
  Crazy Yiuf (D:2)
  7 adders
  An ooze (D:1)
  3 worms (D:2)
  3 dart slugs
  A giant gecko (D:2)
  2 orcs (D:3)
  5 giant cockroaches
  12 hobgoblins
  4 jackals (D:3)
  A quokka (D:2)
  2 ball pythons (D:2)
  5 bats
  7 giant newts
  6 goblins
  9 kobolds
  8 rats
78 creatures vanquished.

Notes
Turn   | Place    | Note
--------------------------------------------------------------
     0 | D:1      | Inkary the Troll Fighter began the quest for the Orb.
     0 | D:1      | Reached XP level 1. HP: 22/22 MP: 0/0
   122 | D:1      | Reached XP level 2. HP: 29/29 MP: 1/1
   614 | D:2      | Reached XP level 3. HP: 27/36 MP: 2/2
   726 | D:2      | Found a burning altar of Makhleb.
   909 | D:2      | Reached XP level 4. HP: 36/45 MP: 3/3
  1208 | D:2      | Noticed Crazy Yiuf
  1220 | D:2      | Killed Crazy Yiuf
  1220 | D:2      | Reached XP level 5. HP: 26/53 MP: 2/4
  2273 | D:4      | HP: 2/53 [gnoll/whip (6)]
  2273 | D:4      | Mangled by a gnoll

Skill      XL: |  1  2  3  4 |
---------------+-------------+-----
Dodging        | 3 |  3.7
Fighting       | 3 |  3.6
Unarmed Combat | 3 |  3.5
Shields        | |  2.4

Action                   |  1- 3 |  4- 6 || total
-------------------------+-------+-------++-------
Melee: Unarmed           |    99 |   107 ||   206
  Eat: Chunk             |    11 |    13 ||    24
Armor: Robe              |    35 |    45 ||    80
Dodge: Dodged            |    39 |    56 ||    95
